 Dungeon Crawl Stone Soup version 0.26.0-20-g3ca415f5b8 (webtiles) character file.

Game seed: 12056157706115193167

64 Gadfly the Skirmisher (level 4, -2/48 HPs)
             Began as an Ogre Monk on Jan 25, 2021.
             Slain by a gnoll
             ... wielding a +0 spear
              (7 damage)
             ... on level 2 of the Dungeon.
             The game lasted 00:02:30 (2749 turns).

Gadfly the Skirmisher (Ogre Monk)                   Turns: 2749, Time: 00:02:30

Health: -2/48      AC:  3    Str: 16    XL:     4   Next: 12%
Magic:  5/5        EV: 10    Int: 11    God:
Gold:   58         SH:  0    Dex: 11    Spells: 3/3 levels left

rFire    . . .     SeeInvis .   a - +0 flail
rCold    . . .     Faith    .   (no shield)
rNeg     . . .     Spirit   .   b - +0 robe
rPois    .         Reflect  .   (helmet restricted)
rElec    .         Harm     .   (no cloak)
rCorr    .         Rampage  .   (gloves unavailable)
Will     .....                  (boots unavailable)
Stlth    ++........             (no amulet)
HPRegen  0.16/turn              (no ring)
MPRegen  0.09/turn              (no ring)

@: no status effects
A: large, unfitting armour, tough skin 1
a: no special abilities


You were on level 2 of the Dungeon.
You visited 1 branch of the dungeon, and saw 2 of its levels.

You collected 58 gold pieces.

Inventory:

Hand Weapons
 a - a +0 flail (weapon)
Missiles
 c - a stone (quivered)
Armour
 b - a +0 robe (worn)
Potions
 d - a potion of lignification {unknown}
 e - a potion of brilliance {unknown}


   Skills:
 - Level 4.0 Fighting
 + Level 2.9 Maces & Flails
 * Level 1.4 Throwing
 * Level 1.1 Armour
 - Level 2.6 Dodging
 - Level 1.4 Stealth
 * Level 1.7 Invocations
 * Level 1.2 Evocations


You had 3 spell levels left.
You didn't know any spells.
Your spell library was empty.

Dungeon Overview and Level Annotations

Branches:
Dungeon (2/15)

Altars:


Innate Abilities, Weirdness & Mutations

You are too large for most types of armour.
You have tough skin. (AC +1)


Message History

You are too injured to fight recklessly!
You are too injured to fight recklessly!
You are too injured to fight recklessly!
You are too injured to fight recklessly!
You are too injured to fight recklessly!
You are too injured to fight recklessly!
You are too injured to fight recklessly!
You are too injured to fight recklessly!
You are too injured to fight recklessly!
You are too injured to fight recklessly!
You are too injured to fight recklessly!
You are too injured to fight recklessly!
The gnoll hits you from afar with a +0 spear!
* * * LOW HITPOINT WARNING * * *
The gnoll hits you from afar with a +0 spear!
* * * LOW HITPOINT WARNING * * *
There is a stone staircase leading up, spattered with blood here.
The gnoll barely misses you.
The gnoll hits you from afar with a +0 spear!
You die...

# #....# #....#######
#.##..(.###..g.# #
#..............#
.#.....###....#
#.##.#.......#
#.###.#..##.)....#
#.....gg.....#......
#####....###.#.......
#......@.....#.......
#.####...#####.......
#.......#.####.#
#..####.# #..# ...#
###.# ..# ..#


You could see 2 gnolls.

Vanquished Creatures
  An adder (D:1)
  2 gnolls
  A dart slug (D:2)
  A leopard gecko (D:1)
  A giant cockroach (D:1)
  3 goblins
  7 hobgoblins (D:1)
  5 jackals (D:1)
  4 kobolds (D:1)
  2 bats (D:1)
  A frilled lizard (D:1)
  2 rats (D:1)
30 creatures vanquished.

Vanquished Creatures (others)
  9 plants (D:1)
9 creatures vanquished.

Grand Total: 39 creatures vanquished

Notes
Turn   | Place    | Note
-------+----------+-------------------------------------------
     0 | D:1      | Gadfly the Ogre Monk began the quest for the Orb.
     0 | D:1      | Reached XP level 1. HP: 24/24 MP: 1/1
   256 | D:1      | Reached XP level 2. HP: 32/32 MP: 2/2
   814 | D:1      | Reached skill level 1 in Invocations
   849 | D:1      | Reached skill level 1 in Throwing
   849 | D:1      | Reached XP level 3. HP: 21/39 MP: 3/3
  1681 | D:1      | Reached skill level 1 in Evocations
  2050 | D:2      | Reached skill level 1 in Armour
  2294 | D:1      | Reached XP level 4. HP: 33/48 MP: 5/5
  2749 | D:2      | Slain by a gnoll

Illustrated notes

Levels and vault maps discovered:
D:1:      wander_arrival_desolate, layout_basic, serial_bayou,
          serial_bayou_shore_b, serial_bayou_shore_b, serial_bayou_shore_a,
          serial_bayou_lagoon_a
D:2:      layout_basic, lemuel_doored_altar, lemuel_round_altar,
          lemuel_statue_altar

Skill      XL: |  1  2  3 |
---------------+----------+-----
Invocations    | 1 |  1.7
Throwing       | 1 |  1.4
Evocations     | 1 |  1.2
Armour         | 1 |  1.1
Fighting       | |  4.0
Maces & Flails | |  2.9
Dodging        | |  2.6
Stealth        | |  1.4

Action                   |  1- 3 |  4- 6 || total
-------------------------+-------+-------++-------
Melee: Mace              |   126 |       ||   126
       Flail             |       |     5 ||     5
Throw: Stone             |     1 |       ||     1
  Use: Scroll            |     2 |       ||     2
Armor: Robe              |    35 |     2 ||    37
Dodge: Dodged            |   109 |    11 ||   120
